Map: [ESL] Cosmic Sapphire

Players

NightMare - Winner!

  • Race: Protoss Protoss
  • Spawn Location: 5:00

ShaDoWn

  • Race: Protoss Protoss
  • Spawn Location: 11:00

Event: DreamHack SC2 Masters 2022 Valencia

VOD

Have the link to the VOD?

Description

Time

  • Played on: July 1, 2022, 10:36 a.m.
  • Length: 17:33

All games in this series

Show
View Real Time Build Order
Export as new Build Order

NightMare Protoss - Winner!

Build Orders: Oracle Opening 

Get SALT Encoding   

  12  0:00  Probe  
  13  0:12  Probe  
  14  0:17  Pylon  
  14  0:24  Probe (Chrono Boost)  
  15  0:36  Probe (Chrono Boost)  
  15  0:37  Gateway  
  16  0:44  Probe (Chrono Boost)  
  16  0:47  Assimilator  
  17  0:50  Probe  
  17  0:55  Assimilator  
  18  1:03  Probe (Chrono Boost)  
  19  1:08  Gateway  
  19  1:12  Probe (Chrono Boost)  
  19  1:17  Probe (Chrono Boost)  
  20  1:25  Cybernetics Core  
  21  1:29  Probe  
  22  1:38  Pylon  
  22  1:41  Probe  
  23  1:56  Probe  
  24  2:02  Warp Gate, Adept x2  
  24  2:08  Probe  
  29  2:15  Pylon  
  29  2:26  Pylon  
  29  2:36  Stargate  
  29  2:41  Stalker x2  
  33  3:13  Nexus  
  33  3:16  Oracle (Chrono Boost)  
  36  3:22  Pylon  
  36  3:31  Stalker  
  38  3:43  Oracle (Chrono Boost)  
  38  3:44  Probe  
  42  3:54  Stalker  
  44  3:56  Probe  
  44  4:08  Probe  
  45  4:14  Twilight Council  
  45  4:19  Pylon  
  45  4:20  Probe  
  43  4:32  Probe  
  40  4:39  Stalker x2, Probe  
  40  4:43  Blink (Chrono Boost)  
  40  4:44  Probe  
  46  4:51  Probe  
  47  4:57  Probe  
  48  5:04  Stalker, Probe  
  51  5:07  Shield Battery  
  51  5:10  Probe  
  51  5:13  Stalker  
  54  5:17  Probe  
  55  5:22  Probe  
  56  5:29  Probe  
  57  5:36  Nexus  
  57  5:38  Probe  
  58  5:44  Adept x2  
  58  5:47  Probe  
  63  5:50  Probe  
  63  5:51  Pylon  
  64  5:59  Probe  
  64  6:02  Probe  
  66  6:04  Assimilator  
  66  6:06  Oracle  
  66  6:14  Stalker  
  66  6:16  Adept  
  68  6:22  Probe x2  
  70  6:34  Probe x2  
  72  6:40  Stalker x2  
  72  6:46  Probe  
  77  6:48  Gateway  
  75  6:59  Probe x2  
  73  7:05  Probe  
  67  7:09  Robotics Facility  
  67  7:11  Probe  
  66  7:16  Probe  
  66  7:17  Probe  
  66  7:19  Stalker  
  70  7:23  Probe, Adept  
  70  7:28  Probe  
  70  7:29  Probe  
  75  7:35  Probe  
  76  7:40  Probe  
  76  7:41  Probe  
  74  7:45  Stalker x3  
  74  7:48  Probe (Chrono Boost)  
  79  7:52  Probe (Chrono Boost)  
  79  7:54  Probe (Chrono Boost)  
  79  7:57  Observer  
  80  7:59  Gateway  
  80  8:00  Probe (Chrono Boost)  
  80  8:01  Dark Shrine  
  80  8:04  Probe (Chrono Boost)  
  83  8:06  Probe (Chrono Boost)  
  83  8:09  Probe (Chrono Boost)  
  83  8:10  Probe (Chrono Boost)  
  83  8:11  Probe (Chrono Boost)  
  83  8:12  Pylon  
  88  8:21  Charge (Chrono Boost)  
  88  8:26  Forge  
  86  8:29  Pylon  
  86  8:31  Gateway  
  86  8:32  Stalker x2  
  87  8:35  Probe x3  
  87  8:36  Gateway  
  87  8:47  Nexus  
  87  8:54  Protoss Ground Weapons Level 1 (Chrono Boost)  
  87  9:05  Pylon  
  87  9:06  Warp Prism  
  87  9:07  Probe x3  
  87  9:08  Gateway  
  87  9:09  Gateway  
  90  9:12  Shadow Stride (Chrono Boost)  
  92  9:27  Dark Templar  
  92  9:28  Shield Battery  
  94  9:37  Zealot x5  
  104  9:48  Pylon x2  
  104  9:49  Pylon  
  98  9:54  Shield Battery  
  98  9:56  Photon Cannon  
  98  9:57  Photon Cannon  
  98  9:58  Photon Cannon  
  98  9:59  Dark Templar  
  99  10:16  Zealot x5  
  99  10:17  Stalker x2  
  99  10:21  Probe x3  
  116  10:28  Gateway  
  116  10:32  Probe  
  116  10:33  Probe x3  
  116  10:41  Dark Templar x2  
  114  10:45  Dark Templar x2  
  114  10:46  Dark Templar  
  112  10:50  Dark Templar  
  112  10:51  Dark Templar x2  
  112  10:52  Zealot x3  
  120  10:58  Probe x2  
  120  10:59  Probe  
  120  11:01  Shield Battery  
  117  11:12  Stalker x3  
  107  11:24  Dark Templar  
  107  11:25  Zealot x5  
  107  11:30  Probe, Protoss Ground Weapons Level 2 (Chrono Boost)  
  107  11:31  Probe x2  
  105  11:35  Observer  
  105  11:37  Zealot x3  
  111  11:42  Nexus  
  111  11:44  Pylon  
  111  11:50  Zealot x5  
  118  12:04  Zealot x4  
  122  12:11  Dark Templar x2  
  122  12:12  Zealot x3  
  117  12:25  Zealot x2  
  117  12:27  Zealot x2  
  103  12:37  Stalker x3  
  103  12:44  Stalker x2  
  103  12:47  Gateway x2  
  103  12:48  Gateway  
  103  12:49  Stalker x2, Zealot x2  
  103  12:50  Gateway  
  115  12:53  Unknown  
  105  13:02  Probe x2  
  105  13:03  Probe x3  
  108  13:06  Dark Templar  
  108  13:09  Zealot x4  
  114  13:14  Probe  
  114  13:15  Zealot x4  
  114  13:18  Warp Prism (Chrono Boost)  
  119  13:32  Zealot x4  
  107  13:42  Stalker x4  
  107  13:46  Zealot x4  
  107  13:47  Photon Cannon  
  123  13:49  Photon Cannon  
  123  13:51  Probe x3  
  126  13:56  Stalker x2  
  130  14:05  Stalker x3  
  130  14:09  Shield Battery  
  136  14:13  Zealot x4  
  140  14:18  Dark Templar  
  140  14:21  Observer (Chrono Boost)  
  141  14:26  Zealot x5  
  141  14:31  Zealot x3  
  135  14:34  Dark Templar  
  135  14:37  Dark Templar  
  135  14:38  Zealot  
  107  14:46  Zealot x4  
  113  14:54  Stalker x3  
  113  14:58  Probe x4  
  113  14:59  Probe  
  114  15:09  Stalker x5  
  124  15:25  Nexus  
  124  15:26  Observer (Chrono Boost)  
  122  15:34  Zealot x6  
  128  15:36  Dark Templar x2  
  128  15:41  Zealot x2  
  136  15:48  Zealot x3  
  138  15:57  Zealot x4  
  132  16:02  Zealot x3  
  130  16:11  Stalker x5  
  132  16:12  Pylon  
  134  16:19  Stalker  
  134  16:20  Stalker  
  134  16:21  Zealot x2  
  134  16:22  Zealot  
  144  16:35  Dark Templar, Zealot x2  
  144  16:38  Zealot x2  
  148  16:40  Stalker  
  148  16:42  Zealot x4  
  158  16:48  Photon Cannon  
  158  16:53  Zealot  
  158  16:54  Zealot x2  
  164  16:56  Observer  
  164  16:58  Zealot x3  
  164  17:00  Zealot  
  160  17:03  Zealot x4  
  158  17:13  Stalker x2  
  154  17:22  Zealot x6  
  148  17:25  Zealot x5  
Show
View Real Time Build Order
Export as new Build Order

ShaDoWn Protoss 

Build Orders: Oracle Opening 

Get SALT Encoding   

  12  0:00  Probe  
  13  0:14  Probe  
  13  0:19  Pylon  
  14  0:26  Probe (Chrono Boost)  
  15  0:38  Probe (Chrono Boost)  
  15  0:40  Gateway  
  16  0:43  Assimilator  
  16  0:47  Probe (Chrono Boost)  
  17  0:53  Probe (Chrono Boost)  
  17  0:55  Assimilator  
  18  1:05  Probe (Chrono Boost)  
  18  1:08  Gateway  
  19  1:13  Probe (Chrono Boost)  
  20  1:19  Probe  
  21  1:27  Cybernetics Core  
  21  1:31  Probe  
  21  1:40  Pylon  
  21  1:43  Probe  
  22  1:55  Probe  
  23  2:03  Stalker  
  23  2:04  Stalker, Warp Gate  
  23  2:08  Probe  
  28  2:24  Stargate  
  28  2:25  Probe  
  29  2:45  Nexus  
  29  2:52  Pylon  
  29  2:56  Probe  
  30  3:07  Oracle (Chrono Boost)  
  30  3:12  Shield Battery  
  33  3:13  Probe  
  34  3:20  Shield Battery  
  34  3:25  Probe  
  35  3:34  Pylon  
  35  3:37  Probe  
  35  3:40  Twilight Council  
  36  3:46  Shield Battery  
  36  3:49  Probe  
  37  3:56  Stalker  
  37  3:57  Probe  
  37  4:01  Probe  
  41  4:06  Stalker  
  41  4:09  Probe  
  44  4:13  Probe  
  44  4:21  Dark Shrine  
  44  4:22  Probe  
  44  4:24  Stalker  
  44  4:36  Probe (Chrono Boost)  
  45  4:40  Probe (Chrono Boost)  
  46  4:48  Probe (Chrono Boost)  
  46  4:50  Probe (Chrono Boost)  
  48  4:53  Probe (Chrono Boost)  
  48  4:55  Probe (Chrono Boost)  
  48  4:58  Stalker  
  52  5:03  Probe  
  52  5:06  Probe  
  54  5:09  Blink (Chrono Boost)  
  54  5:15  Probe  
  54  5:18  Probe  
  56  5:21  Pylon  
  56  5:27  Probe  
  57  5:30  Probe  
  57  5:34  Assimilator  
  58  5:38  Pylon  
  58  5:39  Probe  
  58  5:41  Dark Templar  
  61  5:44  Dark Templar  
  63  5:51  Nexus  
  63  5:52  Probe x2  
  65  6:04  Probe  
  65  6:07  Probe  
  65  6:09  Pylon, Shield Battery  
  67  6:16  Probe  
  65  6:19  Dark Templar x2  
  67  6:27  Probe  
  67  6:31  Probe  
  67  6:32  Gateway  
  68  6:39  Probe  
  66  6:44  Probe  
  66  6:45  Pylon  
  66  6:47  Stalker x2  
  66  6:51  Probe  
  71  6:56  Probe  
  69  7:03  Probe (Chrono Boost)  
  68  7:09  Probe (Chrono Boost)  
  68  7:14  Probe (Chrono Boost)  
  69  7:16  Probe (Chrono Boost)  
  69  7:19  Stalker x2  
  69  7:21  Probe (Chrono Boost)  
  69  7:22  Pylon  
  75  7:23  Probe (Chrono Boost)  
  75  7:24  Probe (Chrono Boost)  
  75  7:26  Stalker, Probe (Chrono Boost)  
  75  7:28  Probe (Chrono Boost)  
  77  7:30  Probe  
  77  7:34  Charge  
  77  7:35  Probe  
  78  7:40  Probe  
  78  7:42  Probe  
  80  7:44  Stalker x2  
  80  7:45  Shield Battery  
  80  7:47  Probe  
  80  7:50  Stalker  
  87  7:59  Probe  
  87  8:01  Assimilator x2  
  87  8:04  Gateway  
  86  8:05  Gateway  
  86  8:07  Dark Templar  
  86  8:08  Gateway  
  86  8:09  Stalker  
  86  8:10  Probe  
  86  8:12  Pylon  
  91  8:13  Forge  
  91  8:20  Pylon  
  91  8:21  Stalker  
  93  8:39  Stalker  
  93  8:40  Stalker  
  95  8:46  Photon Cannon, Robotics Facility  
  95  8:48  Photon Cannon  
  95  8:49  Stalker, Photon Cannon  
  97  9:02  Stalker x3  
  103  9:03  Zealot x2  
  103  9:09  Pylon  
  107  9:11  Protoss Ground Weapons Level 1 (Chrono Boost)  
  107  9:14  Stalker  
  107  9:16  Pylon  
  109  9:28  Stalker x4, Nexus  
  117  9:36  Zealot  
  119  9:41  Observer (Chrono Boost)  
  118  9:50  Zealot  
  118  9:51  Pylon  
  118  9:52  Zealot x2  
  124  9:55  Pylon  
  124  9:58  Observer  
  125  10:01  Photon Cannon  
  125  10:09  Probe, Gateway  
  125  10:10  Probe, Gateway  
  125  10:12  Probe  
  125  10:13  Gateway  
  128  10:18  Zealot x4  
  136  10:22  Probe x2  
  136  10:24  Templar Archives  
  136  10:25  Pylon  
  136  10:26  Pylon  
  136  10:27  Probe  
  139  10:29  Observer  
  138  10:39  Stalker  
  138  10:42  Stalker x3  
  145  10:50  Observer  
  145  10:55  Probe x2  
  145  10:56  Observer  
  147  11:00  Photon Cannon  
  147  11:04  High Templar x2  
  145  11:05  High Templar  
  145  11:06  High Templar, Zealot x2  
  145  11:10  Archon  
  145  11:11  Archon  
  145  11:12  Observer  
  130  11:23  Probe  
  126  11:30  Zealot x3  
  126  11:31  Probe  
  133  11:33  Gateway x2, Shield Battery  
  133  11:34  Photon Cannon, Warp Prism (Chrono Boost)  
  135  11:40  Photon Cannon, Protoss Ground Weapons Level 2 (Chrono Boost)  
  135  11:41  High Templar x2, Zealot x2  
  143  11:47  Archon  
  143  11:51  Zealot x3  
  147  12:04  Zealot x2  
  147  12:07  Gateway  
  146  12:08  Gateway  
  146  12:11  Gateway  
  130  12:23  Zealot x5  
  130  12:24  Probe  
  130  12:28  Probe, Assimilator  
  122  12:31  Assimilator  
  122  12:34  Zealot x2  
  122  12:35  Zealot x2  
  122  12:40  Gateway  
  120  12:44  Dark Templar x5  
  120  12:45  Shadow Stride (Chrono Boost)  
  130  12:58  Nexus  
  124  13:00  Zealot x4  
  124  13:03  Pylon  
  124  13:15  Observer, Archon  
  124  13:17  Zealot x8  
  130  13:22  Stalker x2  
  130  13:23  Stalker x2  
  118  13:37  Zealot x7  
  118  13:38  Zealot  
  130  13:46  Pylon  
  130  13:50  High Templar  
  130  13:51  High Templar x3  
  130  13:52  High Templar  
  140  13:56  Archon x2  
  140  13:57  Unknown  
  140  14:00  High Templar  
  140  14:01  Zealot x5  
  151  14:03  Observer  
  151  14:08  Archon  
  149  14:15  Zealot  
  149  14:16  Zealot  
  151  14:22  Photon Cannon  
  151  14:23  Zealot x5  
  159  14:26  Zealot x2  
  142  14:32  Probe  
  120  14:41  Zealot x5  
  120  14:42  Zealot  
  126  14:48  Probe  
  126  14:49  Probe  
  126  14:51  Observer  
  112  14:53  Stalker x2  
  112  14:54  Stalker  
  110  15:04  High Templar x8  
  118  15:09  Archon x3, Zealot x2  
  120  15:15  Archon  
  120  15:25  Zealot  
  120  15:26  Zealot x2  
  117  15:38  High Templar x2  
  117  15:39  High Templar x2  
  117  15:40  Zealot x6  
  137  15:43  Archon  
  137  15:45  Archon  
  127  15:50  Zealot  
  127  15:51  Zealot x2  
  123  16:00  Zealot x6  
  119  16:13  Stalker x2, Photon Cannon  
  119  16:14  Stalker  
  119  16:15  Stalker  
  119  16:17  Observer  
  127  16:23  Stalker x2  
  131  16:27  High Templar x2  
  131  16:28  Zealot  
  131  16:31  Zealot  
  131  16:32  Archon  
  137  16:35  Zealot x2  
  141  16:47  Stalker x4  
  137  16:52  Stalker  
  119  17:09  Stalker  
  119  17:10  Stalker x6  
  119  17:13  Stalker  
  119  17:17  Zealot x2  
  119  17:21  Zealot x2  
  119  17:24  Zealot  

Tags
 
Add a new tag
Caveats
  • Supply blocks, unpowered buildings, or Contaminate may cause inaccurate times.
  • Supply counts are checked every 10 seconds.